EVO
STANFORD UNIVERSITY CARDINAL @ UCLA BRUINS
12/18/2048
 
TOP OF THE 1ST
Stanford University Cardinal batting - Pitching for UCLA Bruins : LHP Daniel McConnell
Pitching: LHP Daniel McConnell
Batting: RHB Joe Gabriel 0-0: Foul Ball, location: 2F
0-1: Ball
1-1: Foul Ball, location: 2F
1-2: Fly out, F8 (Flyball, 8LD, EV 105.0 MPH)
Batting: RHB John Van der Linden 0-0: Foul Ball, location: 2F
0-1: Swinging Strike
0-2: Strikes out swinging
Batting: LHB Donny Kleinjan 0-0: Called Strike
0-1: Ball
1-1: Foul Ball, location: 2F
1-2: Foul Ball, location: 2F
1-2: Fly out, F9 (Line Drive, 9, EV 89.4 MPH)
Top of the 1st over - 0 runs, 0 hits, 0 errors, 0 left on base; Stanford University 0 - UCLA 0
BOTTOM OF THE 1ST
UCLA Bruins batting - Pitching for Stanford University Cardinal : RHP Jesus Hernandez
Pitching: RHP Jesus Hernandez
Batting: LHB Mark Cummings 0-0: Ball
1-0: Ball
2-0: Ground out 4-3 (Groundball, 4, EV 85.0 MPH)
Batting: RHB Michael Alvarado 0-0: Ball
1-0: Swinging Strike
1-1: Ball
2-1: Called Strike
2-2: Ground out 5-3 (Groundball, 5, EV 102.5 MPH)
Batting: SHB Sean Munns 0-0: Ball
1-0: Ball
2-0: Swinging Strike
2-1: Ball
3-1: Base on Balls
Batting: RHB Issac Konol 0-0: Called Strike
0-1: Swinging Strike
0-2: Strikes out swinging
Bottom of the 1st over - 0 runs, 0 hits, 0 errors, 1 left on base; Stanford University 0 - UCLA 0
TOP OF THE 2ND
Stanford University Cardinal batting - Pitching for UCLA Bruins : LHP Daniel McConnell
Batting: RHB Joe Petley 0-0: Called Strike
0-1: Ball
1-1: Foul Ball, location: 2F
1-2: Strikes out looking
Batting: LHB Mike Keating 0-0: Foul Ball, location: 2F
0-1: SOLO HOME RUN (Flyball, 89XD, EV 105.0 MPH), Distance : 403 ft
Batting: RHB Gary Preston 0-0: Called Strike
0-1: Ball
1-1: Called Strike
1-2: Strikes out swinging
Batting: LHB Bryan Davidson 0-0: Ball
1-0: Fly out, F9 (Flyball, 9D, EV 96.9 MPH)
Top of the 2nd over - 1 run, 1 hit, 0 errors, 0 left on base; Stanford University 1 - UCLA 0
BOTTOM OF THE 2ND
UCLA Bruins batting - Pitching for Stanford University Cardinal : RHP Jesus Hernandez
Batting: RHB Andy Knerr 0-0: Ball
1-0: Ball
2-0: Called Strike
2-1: SINGLE (Line Drive, 34D, EV 107.5 MPH)
Batting: RHB Dave Spradley 0-0: Ball
1-0: Ball
2-0: Called Strike
2-1: Ball
Andy Knerr steals 2nd base
3-1: Foul Ball, location: 2F
3-2: Base on Balls
Batting: RHB Corey Bradley 0-0: Ball
1-0: Ball
Wild Pitch!
Andy Knerr to third
Dave Spradley to second
2-0: SINGLE (Line Drive, 9S, EV 95.0 MPH)
Andy Knerr scores
Dave Spradley to third
Batting: RHB King Pinsent 0-0: Ball
1-0: Ball
2-0: Swinging Strike
2-1: Ball
3-1: Called Strike
3-2: Strikes out looking
Batting: RHB Ivan Murillo 0-0: Called Strike
0-1: Fly out, F4 (Popup, 4, EV 68.8 MPH)
Batting: LHB Mark Cummings 0-0: Swinging Strike
0-1: Ball
1-1: Swinging Strike
1-2: Fly out, F5 (Line Drive, 5L, EV 73.8 MPH)
Bottom of the 2nd over - 1 run, 2 hits, 0 errors, 2 left on base; Stanford University 1 - UCLA 1
TOP OF THE 3RD
Stanford University Cardinal batting - Pitching for UCLA Bruins : LHP Daniel McConnell
Batting: RHB Josh Benefield 0-0: Ball
1-0: Foul Ball, location: 2F
1-1: Ball
2-1: SINGLE (Line Drive, 78S, EV 102.5 MPH)
Batting: RHB Ted Hickey 0-0: Fly out, F9 (Flyball, 9LS, EV 86.9 MPH)
Batting: RHB Joe Gabriel 0-0: Foul Ball, location: 2F
0-1: Ball
1-1: Fly out, F8 (Flyball, 8RM, EV 95.0 MPH)
Batting: RHB John Van der Linden 0-0: Ball
1-0: Called Strike
1-1: Ball
2-1: Called Strike
2-2: Foul Ball, location: 2F
2-2: Ball
3-2: Foul Ball, location: 2F
3-2: SINGLE (Groundball, 56D, EV 98.8 MPH)
Josh Benefield to second
Josh Benefield to third
Batting: LHB Donny Kleinjan 0-0: Foul Ball, location: 2F
0-1: 3-RUN HOME RUN (Flyball, 8RXD, EV 116.2 MPH), Distance : 454 ft
Batting: RHB Joe Petley 0-0: Ground out 5-3 (Groundball, 56, EV 85.0 MPH)
Top of the 3rd over - 3 runs, 3 hits, 0 errors, 0 left on base; Stanford University 4 - UCLA 1
BOTTOM OF THE 3RD
UCLA Bruins batting - Pitching for Stanford University Cardinal : RHP Jesus Hernandez
Batting: RHB Michael Alvarado 0-0: Called Strike
0-1: SINGLE (Line Drive, 34D, EV 100.0 MPH)
Batting: SHB Sean Munns 0-0: Ball
1-0: Ball
2-0: Called Strike
2-1: Foul Ball, location: 2F
2-2: Ball
3-2: Fly out, F7 (Flyball, 7D, EV 101.9 MPH)
Batting: RHB Issac Konol 0-0: Ball
1-0: Ball
2-0: Called Strike
2-1: DOUBLE (Flyball, 89D, EV 96.9 MPH)
Michael Alvarado to third
Batting: RHB Andy Knerr 0-0: Swinging Strike
0-1: Foul Ball, location: 2F
0-2: Foul Ball, location: 2F
0-2: Ball
1-2: Foul Ball, location: 2F
1-2: Foul Ball, location: 2F
1-2: Ball
2-2: Ball
3-2: Fly out, F9 (Flyball, 9, EV 83.8 MPH)
Batting: RHB Dave Spradley 0-0: Called Strike
0-1: Fly out, F8 (Flyball, 78M, EV 86.2 MPH)
Bottom of the 3rd over - 0 runs, 2 hits, 0 errors, 2 left on base; Stanford University 4 - UCLA 1
TOP OF THE 4TH
Stanford University Cardinal batting - Pitching for UCLA Bruins : LHP Daniel McConnell
Batting: LHB Mike Keating 0-0: Ball
1-0: Swinging Strike
1-1: Called Strike
1-2: Fly out, F9 (Line Drive, 89M, EV 96.9 MPH)
Batting: RHB Gary Preston 0-0: Ball
1-0: Ball
2-0: SINGLE (Line Drive, 8LS, EV 95.6 MPH)
Batting: LHB Bryan Davidson 0-0: Called Strike
0-1: Ball
1-1: Foul Ball, location: 2F
1-2: Foul Ball, location: 2F
1-2: Ball
2-2: Ball
3-2: Fly out, F7 (Flyball, 7LMF, EV 93.8 MPH)
Batting: RHB Josh Benefield 0-0: Foul Ball, location: 2F
0-1: Called Strike
0-2: Ball
1-2: Strikes out swinging
Top of the 4th over - 0 runs, 1 hit, 0 errors, 1 left on base; Stanford University 4 - UCLA 1
BOTTOM OF THE 4TH
UCLA Bruins batting - Pitching for Stanford University Cardinal : RHP Jesus Hernandez
Batting: RHB Corey Bradley 0-0: Fly out, F7 (Line Drive, 7LD, EV 91.2 MPH)
Batting: RHB King Pinsent 0-0: Ball
1-0: SINGLE (Groundball, 4MD, EV 104.4 MPH)
Batting: RHB Ivan Murillo 0-0: Called Strike
0-1: Ball
1-1: Ball
2-1: Foul Ball, location: 2F
2-2: Ball
3-2: Foul Ball, location: 2F
3-2: Base on Balls
King Pinsent to second
Batting: LHB Mark Cummings 0-0: Ball
1-0: Foul Ball, location: 2F
1-1: Fielders Choice at 2nd, 6-4 (Groundball, 56, EV 101.2 MPH)
King Pinsent to third
Batting: RHB Michael Alvarado 0-0: Called Strike
0-1: Called Strike
0-2: Ball
1-2: Fly out, F9 (Flyball, 89M, EV 76.9 MPH)
Bottom of the 4th over - 0 runs, 1 hit, 0 errors, 2 left on base; Stanford University 4 - UCLA 1
TOP OF THE 5TH
Stanford University Cardinal batting - Pitching for UCLA Bruins : LHP Daniel McConnell
Batting: RHB Ted Hickey 0-0: Ground out 6-3 (Groundball, 6, EV 83.8 MPH)
Batting: RHB Joe Gabriel 0-0: Ball
1-0: Ball
2-0: Ball
3-0: Called Strike
3-1: Called Strike
3-2: Fly out, F8 (Flyball, 8LD, EV 98.8 MPH)
Batting: RHB John Van der Linden 0-0: Called Strike
0-1: Foul Ball, location: 2F
0-2: Ball
1-2: Foul Ball, location: 2F
1-2: Strikes out swinging
Top of the 5th over - 0 runs, 0 hits, 0 errors, 0 left on base; Stanford University 4 - UCLA 1
BOTTOM OF THE 5TH
UCLA Bruins batting - Pitching for Stanford University Cardinal : RHP Jesus Hernandez
Batting: SHB Sean Munns 0-0: Called Strike
0-1: Called Strike
0-2: Ball
1-2: Foul Ball, location: 2F
1-2: Strikes out swinging
Pitching: RHP Dante Verduzco
Batting: RHB Issac Konol 0-0: Ball
1-0: Swinging Strike
1-1: Ground out 4-3 (Groundball, 4, EV 93.8 MPH)
Batting: RHB Andy Knerr 0-0: Called Strike
0-1: Ball
1-1: Ground out 6-3 (Groundball, 6, EV 106.2 MPH)
Bottom of the 5th over - 0 runs, 0 hits, 0 errors, 0 left on base; Stanford University 4 - UCLA 1
TOP OF THE 6TH
Stanford University Cardinal batting - Pitching for UCLA Bruins : LHP Daniel McConnell
Batting: LHB Donny Kleinjan 0-0: Foul Ball, location: 2F
0-1: Ball
1-1: Fly out, F9 (Flyball, 89M, EV 91.2 MPH)
Batting: RHB Joe Petley 0-0: Called Strike
0-1: DOUBLE (Line Drive, 9LM, EV 109.4 MPH)
Batting: LHB Mike Keating 0-0: Called Strike
0-1: Foul Ball, location: 2F
0-2: Ball
1-2: Foul Ball, location: 2F
1-2: Strikes out swinging
Pitching: RHP Quincy Bowen
Batting: RHB Gary Preston 0-0: Called Strike
0-1: Foul Ball, location: 2F
0-2: Strikes out looking
Top of the 6th over - 0 runs, 1 hit, 0 errors, 1 left on base; Stanford University 4 - UCLA 1
BOTTOM OF THE 6TH
UCLA Bruins batting - Pitching for Stanford University Cardinal : RHP Dante Verduzco
Batting: RHB Dave Spradley 0-0: Ball
1-0: Foul Ball, location: 2F
1-1: Foul Ball, location: 2F
1-2: Foul Ball, location: 2F
1-2: Strikes out swinging
Batting: RHB Corey Bradley 0-0: Called Strike
0-1: Ball
1-1: DOUBLE (Line Drive, 7LD, EV 103.1 MPH)
Batting: RHB King Pinsent 0-0: Ball
1-0: Called Strike
1-1: Ball
2-1: Ball
3-1: Base on Balls
Pinch Hitting: LHB Dave Hutchison 0-0: Called Strike
0-1: Ball
1-1: Foul Ball, location: 2F
1-2: Foul Ball, location: 2F
1-2: Strikes out looking
Batting: LHB Mark Cummings 0-0: Called Strike
0-1: Ball
1-1: Ball
2-1: Swinging Strike
2-2: Ball
3-2: Ground out U3 (Groundball, 3, EV 87.5 MPH)
Bottom of the 6th over - 0 runs, 1 hit, 0 errors, 2 left on base; Stanford University 4 - UCLA 1
TOP OF THE 7TH
Stanford University Cardinal batting - Pitching for UCLA Bruins : RHP Quincy Bowen
Now at SS: Mike Beck
Batting: LHB Bryan Davidson 0-0: Ball
1-0: Called Strike
1-1: Ball
2-1: Ground out 6-3 (Groundball, 56D, EV 96.9 MPH)
Batting: RHB Josh Benefield 0-0: Called Strike
0-1: Ball
1-1: Foul Ball, location: 2F
1-2: Ball
2-2: Foul Ball, location: 2F
2-2: Ball
3-2: Ground out 4-3 (Groundball, 4, EV 83.8 MPH)
Batting: RHB Ted Hickey 0-0: SOLO HOME RUN (Flyball, 78XD, EV 108.1 MPH), Distance : 426 ft
Batting: RHB Joe Gabriel 0-0: Called Strike
0-1: Ball
1-1: Ball
2-1: Swinging Strike
2-2: Strikes out swinging
Top of the 7th over - 1 run, 1 hit, 0 errors, 0 left on base; Stanford University 5 - UCLA 1
BOTTOM OF THE 7TH
UCLA Bruins batting - Pitching for Stanford University Cardinal : RHP Dante Verduzco
Pitching: LHP Larry Steen
Batting: RHB Michael Alvarado 0-0: Ball
1-0: Ball
2-0: Foul Ball, location: 2F
2-1: Ball
3-1: DOUBLE (Line Drive, 7LM, EV 96.9 MPH)
Batting: SHB Sean Munns 0-0: Called Strike
0-1: Ball
1-1: Ball
2-1: Ball
3-1: Ground out 1-3 (Groundball, 15S, EV 75.0 MPH)
Batting: RHB Issac Konol 0-0: Called Strike
0-1: Ground out 5-3 (Groundball, 56, EV 87.5 MPH)
Batting: RHB Andy Knerr 0-0: Ball
1-0: Swinging Strike
1-1: Called Strike
1-2: Foul Ball, location: 2F
1-2: Hit by Pitch
Batting: RHB Dave Spradley 0-0: Ball
1-0: Foul Ball, location: 2F
1-1: Called Strike
1-2: Fly out, F7 (Flyball, 7S, EV 89.4 MPH)
Bottom of the 7th over - 0 runs, 1 hit, 0 errors, 2 left on base; Stanford University 5 - UCLA 1
TOP OF THE 8TH
Stanford University Cardinal batting - Pitching for UCLA Bruins : RHP Quincy Bowen
Pitching: LHP Joe Landgraff
Batting: RHB John Van der Linden 0-0: SINGLE (Groundball, 6M, EV 81.2 MPH) (infield hit)
Batting: LHB Donny Kleinjan 0-0: Ball
1-0: Ball
2-0: SINGLE (Flyball, 5D, EV 88.8 MPH)
John Van der Linden to second
Batting: RHB Joe Petley 0-0: Fly out, F9 (Line Drive, 9, EV 91.9 MPH)
Batting: LHB Mike Keating 0-0: Ball
1-0: Called Strike
1-1: Ball
2-1: Ball
3-1: Base on Balls
John Van der Linden to third
Donny Kleinjan to second
Batting: RHB Gary Preston 0-0: Called Strike
0-1: Foul Ball, location: 2F
0-2: Ball
1-2: Strikes out swinging
Batting: LHB Bryan Davidson 0-0: Fly out, F6 (Popup, 6MS, EV 81.9 MPH)
Top of the 8th over - 0 runs, 2 hits, 0 errors, 3 left on base; Stanford University 5 - UCLA 1
BOTTOM OF THE 8TH
UCLA Bruins batting - Pitching for Stanford University Cardinal : LHP Larry Steen
Pitching: LHP Marco Mendez
Now at 3B: Dzevat Koljevic
Batting: RHB Corey Bradley 0-0: Ball
1-0: Ball
2-0: Foul Ball, location: 2F
2-1: Ball
3-1: Base on Balls
Batting: RHB King Pinsent 0-0: Called Strike
0-1: Swinging Strike
0-2: Strikes out swinging
Batting: SHB Mike Beck 0-0: Ball
1-0: Swinging Strike
Corey Bradley steals 2nd base
1-1: Called Strike
1-2: Ball
Wild Pitch!
Corey Bradley to third
2-2: Fly out, F7 (Flyball, 7S, EV 90.6 MPH)
Batting: LHB Mark Cummings 0-0: Ball
1-0: Called Strike
1-1: Called Strike
1-2: Fly out, F8 (Flyball, 8LD, EV 98.1 MPH)
Bottom of the 8th over - 0 runs, 0 hits, 0 errors, 1 left on base; Stanford University 5 - UCLA 1
TOP OF THE 9TH
Stanford University Cardinal batting - Pitching for UCLA Bruins : LHP Joe Landgraff
Pitching: RHP Mark Crawford
Batting: RHB Josh Benefield 0-0: Ball
1-0: Ball
2-0: Foul Ball, location: 2F
2-1: Ground out 6-3 (Groundball, 56, EV 85.6 MPH)
Batting: RHB Ted Hickey 0-0: Ball
1-0: Called Strike
1-1: Ball
2-1: Swinging Strike
2-2: Foul Ball, location: 2F
2-2: Ground out 6-3 (Groundball, 6, EV 98.8 MPH)
Batting: RHB Joe Gabriel 0-0: Foul Ball, location: 2F
0-1: Foul Ball, location: 2F
0-2: Fly out, F6 (Line Drive, 56, EV 69.4 MPH)
Top of the 9th over - 0 runs, 0 hits, 0 errors, 0 left on base; Stanford University 5 - UCLA 1
BOTTOM OF THE 9TH
UCLA Bruins batting - Pitching for Stanford University Cardinal : LHP Marco Mendez
Pitching: RHP Andy Swan
Batting: RHB Michael Alvarado 0-0: Called Strike
0-1: Ball
1-1: Called Strike
1-2: Hit by Pitch
Batting: SHB Sean Munns 0-0: Ball
1-0: Foul Ball, location: 2F
1-1: Ball
2-1: Foul Ball, location: 2F
Balk!
Michael Alvarado to second
2-2: Strikes out swinging
Batting: RHB Issac Konol 0-0: Ball
1-0: Called Strike
1-1: Fly out, F9 (Line Drive, 89D, EV 108.1 MPH)
Batting: RHB Andy Knerr 0-0: Ball
1-0: Foul Ball, location: 2F
1-1: Ball
2-1: DOUBLE (Flyball, 89XD, EV 109.4 MPH)
Michael Alvarado scores
Batting: RHB Dave Spradley 0-0: Ball
1-0: Called Strike
1-1: Ball
2-1: Foul Ball, location: 2F
2-2: Ball
3-2: Ground out 6-3 (Groundball, 6, EV 103.1 MPH)
Bottom of the 9th over - 1 run, 1 hit, 0 errors, 1 left on base; Stanford University 5 - UCLA 2
Tuesday, March 28th , 2023 - OOTP Baseball 23.10 Build 110